| TOP OF THE 1ST |
|
University of Arizona Wildcats batting - Pitching for University of South Carolina Gamecocks : RHP Chris Kenny
|
|
Pitching: RHP Chris Kenny
|
|
|
Batting: RHB Eddy Amaya
|
0-0: Called Strike 0-1: Foul Ball, location: 2F 0-2: Foul Ball, location: 2F 0-2: Foul Ball, location: 2F 0-2: SINGLE (Flyball, 3D, EV 100.6 MPH)
|
|
Batting: RHB Ron Dondale
|
0-0: Ball 1-0: Called Strike 1-1: Swinging Strike 1-2: Ball 2-2: Ball 3-2: Base on Balls Eddy Amaya to second
|
|
Batting: LHB Gerald Thornton
|
0-0: Called Strike Eddy Amaya is caught stealing 3rd base 2-5 Ron Dondale to second 0-1: Ball 1-1: Foul Ball, location: 2F 1-2: Ball 2-2: Ball 3-2: Foul Ball, location: 2F 3-2: Base on Balls
|
|
Batting: RHB Ricardo Fernandez
|
0-0: Called Strike 0-1: SINGLE (Groundball, 56D, EV 103.8 MPH) Ron Dondale to third Gerald Thornton to second Runner from 3rd tries for Home, SAFE, throw by LF to home
|
|
Batting: LHB Pascal Noël
|
0-0: Foul Ball, location: 2F 0-1: Swinging Strike 0-2: Ball 1-2: Strikes out swinging
|
|
Batting: LHB Lihau Keawe
|
0-0: Ball 1-0: Foul Ball, location: 2F 1-1: Ground out 4-3 (Groundball, 4, EV 94.4 MPH)
|
| Top of the 1st over - 1 run, 2 hits, 0 errors, 2 left on base; University of Arizona 1 - University of South Carolina 0 |
| BOTTOM OF THE 1ST |
|
University of South Carolina Gamecocks batting - Pitching for University of Arizona Wildcats : RHP Brad Brooks
|
|
Pitching: RHP Brad Brooks
|
|
|
Batting: RHB Justin Kurutz
|
0-0: Ball 1-0: Swinging Strike 1-1: DOUBLE (Line Drive, 9LD, EV 113.8 MPH)
|
|
Batting: RHB Brian Passalacqua
|
0-0: Fly out, F8 (Flyball, 78D, EV 93.1 MPH)
|
|
Batting: SHB Keith Mihas
|
0-0: Ball 1-0: Called Strike 1-1: Ball 2-1: Fly out, F9 (Flyball, 9D, EV 107.5 MPH) Runner from 2nd tags up, SAFE at 3rd, no throw by RF
|
|
Batting: LHB Chris McNay
|
0-0: Called Strike 0-1: Ball 1-1: Foul Ball, location: 2F 1-2: Foul Ball, location: 2F 1-2: Foul Ball, location: 2F 1-2: Ball 2-2: Foul Ball, location: 2F 2-2: Strikes out looking
|
| Bottom of the 1st over - 0 runs, 1 hit, 0 errors, 1 left on base; University of Arizona 1 - University of South Carolina 0 |
| TOP OF THE 2ND |
|
University of Arizona Wildcats batting - Pitching for University of South Carolina Gamecocks : RHP Chris Kenny
|
|
Batting: RHB Mark Walters
|
0-0: Foul Ball, location: 2F 0-1: Called Strike 0-2: Ball 1-2: Ball 2-2: Ball 3-2: Fly out, F3 (Popup, 3, EV 58.1 MPH)
|
|
Batting: LHB Jere Paatelainen
|
0-0: Ball 1-0: Ground out 4-3 (Groundball, 4, EV 80.0 MPH)
|
|
Batting: SHB Pat Kidd
|
0-0: Ground out 6-3 (Groundball, 6, EV 106.9 MPH)
|
| Top of the 2nd over - 0 runs, 0 hits, 0 errors, 0 left on base; University of Arizona 1 - University of South Carolina 0 |
| BOTTOM OF THE 2ND |
|
University of South Carolina Gamecocks batting - Pitching for University of Arizona Wildcats : RHP Brad Brooks
|
|
Batting: RHB Lance Neldon
|
0-0: Called Strike 0-1: Swinging Strike 0-2: Foul Ball, location: 2F 0-2: Strikes out looking
|
|
Batting: LHB Bert Webster
|
0-0: Foul Ball, location: 2F 0-1: Foul Ball, location: 2F 0-2: Strikes out looking
|
|
Batting: RHB Phil Hanley
|
0-0: Swinging Strike 0-1: Ball 1-1: Ball 2-1: Foul Ball, location: 2F 2-2: Fly out, F7 (Flyball, 7D, EV 99.4 MPH)
|
| Bottom of the 2nd over - 0 runs, 0 hits, 0 errors, 0 left on base; University of Arizona 1 - University of South Carolina 0 |
| TOP OF THE 3RD |
|
University of Arizona Wildcats batting - Pitching for University of South Carolina Gamecocks : RHP Chris Kenny
|
|
Batting: RHB Eddy Amaya
|
0-0: Called Strike 0-1: Swinging Strike 0-2: Foul Ball, location: 2F 0-2: Ball 1-2: Ball 2-2: Ball 3-2: Foul Ball, location: 2F 3-2: SOLO HOME RUN (Flyball, 7LD, EV 99.4 MPH), Distance : 366 ft
|
|
Batting: RHB Ron Dondale
|
0-0: Ball 1-0: Foul Ball, location: 2F 1-1: Swinging Strike 1-2: Foul Ball, location: 2F 1-2: Strikes out swinging
|
|
Batting: LHB Gerald Thornton
|
0-0: Ball 1-0: Ground out 5-3 (Groundball, 5, EV 101.2 MPH)
|
|
Batting: RHB Ricardo Fernandez
|
0-0: Called Strike 0-1: Swinging Strike 0-2: Ball 1-2: Ball 2-2: Foul Ball, location: 2F 2-2: Strikes out swinging
|
| Top of the 3rd over - 1 run, 1 hit, 0 errors, 0 left on base; University of Arizona 2 - University of South Carolina 0 |
| BOTTOM OF THE 3RD |
|
University of South Carolina Gamecocks batting - Pitching for University of Arizona Wildcats : RHP Brad Brooks
|
|
Batting: RHB Ben Turner
|
0-0: Ball 1-0: Ball 2-0: Called Strike 2-1: Called Strike 2-2: Ball 3-2: Strikes out swinging
|
|
Batting: RHB Steve Gibson
|
0-0: Called Strike 0-1: Ground out 6-3 (Groundball, 6M, EV 85.0 MPH)
|
|
Batting: RHB Justin Kurutz
|
0-0: Ball 1-0: Ground out 6-3 (Groundball, 6, EV 110.0 MPH)
|
| Bottom of the 3rd over - 0 runs, 0 hits, 0 errors, 0 left on base; University of Arizona 2 - University of South Carolina 0 |
| TOP OF THE 4TH |
|
University of Arizona Wildcats batting - Pitching for University of South Carolina Gamecocks : RHP Chris Kenny
|
|
Batting: LHB Pascal Noël
|
0-0: Called Strike 0-1: Called Strike 0-2: Foul Ball, location: 2F 0-2: Ball 1-2: Strikes out looking
|
|
Batting: LHB Lihau Keawe
|
0-0: Ball 1-0: Foul Ball, location: 2F 1-1: Ball 2-1: Foul Ball, location: 2F 2-2: Ball 3-2: Fly out, F8 (Flyball, 8LD, EV 101.2 MPH)
|
|
Batting: RHB Mark Walters
|
0-0: Called Strike 0-1: Ball 1-1: Ball 2-1: Ball 3-1: Base on Balls
|
|
Batting: LHB Jere Paatelainen
|
0-0: Ball 1-0: SINGLE (Flyball, 8LS, EV 88.1 MPH) Mark Walters to second Runner from 2nd tries for 3rd, SAFE, no throw by CF
|
|
Batting: SHB Pat Kidd
|
0-0: Foul Ball, location: 2F 0-1: Ball 1-1: Ball Jere Paatelainen steals 2nd base 2-1: Foul Ball, location: 2F 2-2: Ball 3-2: Strikes out swinging
|
| Top of the 4th over - 0 runs, 1 hit, 0 errors, 2 left on base; University of Arizona 2 - University of South Carolina 0 |
| BOTTOM OF THE 4TH |
|
University of South Carolina Gamecocks batting - Pitching for University of Arizona Wildcats : RHP Brad Brooks
|
|
Batting: RHB Brian Passalacqua
|
0-0: Foul Ball, location: 2F 0-1: Foul Ball, location: 2F 0-2: Ball 1-2: Foul Ball, location: 2F 1-2: Ball 2-2: Ball 3-2: Fly out, F3 (Popup, 34, EV 69.4 MPH)
|
|
Batting: SHB Keith Mihas
|
0-0: Called Strike 0-1: Ball 1-1: SINGLE (Line Drive, 8RS, EV 95.0 MPH)
|
|
Batting: LHB Chris McNay
|
0-0: Foul Ball, location: 2F 0-1: Ball 1-1: Called Strike 1-2: Ball 2-2: Foul Ball, location: 2F 2-2: Foul Ball, location: 2F 2-2: Ball 3-2: Fly out, F9 (Line Drive, 9, EV 87.5 MPH)
|
|
Batting: RHB Lance Neldon
|
0-0: Swinging Strike 0-1: Called Strike 0-2: Ball 1-2: Foul Ball, location: 2F 1-2: Ball 2-2: DOUBLE (Line Drive, 89D, EV 108.8 MPH) Keith Mihas to third Runner from 3rd tries for Home, SAFE, throw by CF to trailing runner, SAFE at third!
|
|
Batting: LHB Bert Webster
|
0-0: Fly out, F8 (Flyball, 8LXD, EV 98.8 MPH)
|
| Bottom of the 4th over - 1 run, 2 hits, 0 errors, 1 left on base; University of Arizona 2 - University of South Carolina 1 |
| TOP OF THE 5TH |
|
University of Arizona Wildcats batting - Pitching for University of South Carolina Gamecocks : RHP Chris Kenny
|
|
Batting: RHB Eddy Amaya
|
0-0: Ball 1-0: Foul Ball, location: 2F 1-1: Swinging Strike 1-2: Foul Ball, location: 2F 1-2: Foul Ball, location: 2F 1-2: Strikes out looking
|
|
Pitching: RHP Scott Arthur
|
|
|
Batting: RHB Ron Dondale
|
0-0: Called Strike 0-1: Ball 1-1: Ball 2-1: Fly out, F5 (Flyball, 5D, EV 95.0 MPH)
|
|
Batting: LHB Gerald Thornton
|
0-0: Called Strike 0-1: Called Strike 0-2: Ground out 6-3 (Groundball, 6, EV 86.9 MPH)
|
| Top of the 5th over - 0 runs, 0 hits, 0 errors, 0 left on base; University of Arizona 2 - University of South Carolina 1 |
| BOTTOM OF THE 5TH |
|
University of South Carolina Gamecocks batting - Pitching for University of Arizona Wildcats : RHP Brad Brooks
|
|
Batting: RHB Phil Hanley
|
0-0: Called Strike 0-1: Foul Ball, location: 2F 0-2: Fly out, F4 (Popup, 34, EV 68.8 MPH)
|
|
Batting: RHB Ben Turner
|
0-0: Called Strike 0-1: Called Strike 0-2: Ball 1-2: Ball 2-2: Ball 3-2: Base on Balls
|
|
Batting: RHB Steve Gibson
|
0-0: Swinging Strike 0-1: Called Strike 0-2: Ball 1-2: Ball 2-2: Strikes out swinging
|
|
Batting: RHB Justin Kurutz
|
0-0: Called Strike Ben Turner is caught stealing 2nd base 2-4
|
| Bottom of the 5th over - 0 runs, 0 hits, 0 errors, 0 left on base; University of Arizona 2 - University of South Carolina 1 |
| TOP OF THE 6TH |
|
University of Arizona Wildcats batting - Pitching for University of South Carolina Gamecocks : RHP Scott Arthur
|
|
Batting: RHB Ricardo Fernandez
|
0-0: Foul Ball, location: 2F 0-1: Called Strike 0-2: Strikes out swinging
|
|
Batting: LHB Pascal Noël
|
0-0: Ball 1-0: Ball 2-0: Called Strike 2-1: Swinging Strike 2-2: Strikes out looking
|
|
Batting: LHB Lihau Keawe
|
0-0: Swinging Strike 0-1: Foul Ball, location: 2F 0-2: Ball 1-2: Ball 2-2: Ball 3-2: Foul Ball, location: 2F 3-2: Strikes out swinging
|
| Top of the 6th over - 0 runs, 0 hits, 0 errors, 0 left on base; University of Arizona 2 - University of South Carolina 1 |
| BOTTOM OF THE 6TH |
|
University of South Carolina Gamecocks batting - Pitching for University of Arizona Wildcats : RHP Brad Brooks
|
|
Batting: RHB Justin Kurutz
|
0-0: Ball 1-0: Ball 2-0: Ground out 5-3 (Groundball, 56, EV 100.0 MPH)
|
|
Batting: RHB Brian Passalacqua
|
0-0: Called Strike 0-1: Ball 1-1: Fly out, F8 (Line Drive, 78D, EV 92.5 MPH)
|
|
Batting: SHB Keith Mihas
|
0-0: Ball 1-0: Swinging Strike 1-1: Called Strike 1-2: Foul Ball, location: 2F 1-2: Foul Ball, location: 2F 1-2: Foul Ball, location: 2F 1-2: Foul Ball, location: 2F 1-2: Ball 2-2: Ball 3-2: Strikes out swinging
|
| Bottom of the 6th over - 0 runs, 0 hits, 0 errors, 0 left on base; University of Arizona 2 - University of South Carolina 1 |
| TOP OF THE 7TH |
|
University of Arizona Wildcats batting - Pitching for University of South Carolina Gamecocks : RHP Scott Arthur
|
|
Batting: LHB Victor Silva
|
0-0: Ball 1-0: Foul Ball, location: 2F 1-1: Swinging Strike 1-2: Foul Ball, location: 2F 1-2: Strikes out swinging
|
|
Batting: LHB Jere Paatelainen
|
0-0: Ball 1-0: Ball 2-0: Ground out 4-3 (Groundball, 4, EV 100.0 MPH)
|
|
Batting: SHB Pat Kidd
|
0-0: Ball 1-0: SINGLE (Groundball, 4MD, EV 104.4 MPH)
|
|
Batting: RHB Eddy Amaya
|
Pickoff Throw to First - Error! E1 Pat Kidd to second 0-0: Foul Ball, location: 2F 0-1: Called Strike 0-2: Ball 1-2: Strikes out swinging
|
| Top of the 7th over - 0 runs, 1 hit, 1 error, 1 left on base; University of Arizona 2 - University of South Carolina 1 |
| BOTTOM OF THE 7TH |
|
University of South Carolina Gamecocks batting - Pitching for University of Arizona Wildcats : RHP Brad Brooks
|
|
Pitching: LHP Lance Freake
|
|
|
Batting: LHB Chris McNay
|
0-0: Swinging Strike 0-1: Ball 1-1: Hit by Pitch
|
|
Pitching: RHP Carlos Maravilla
|
|
|
Batting: RHB Lance Neldon
|
0-0: Ball 1-0: Ball 2-0: Ball 3-0: Called Strike 3-1: Foul Ball, location: 2F 3-2: SINGLE (Groundball, 6MD, EV 99.4 MPH) Chris McNay to second Chris McNay to third
|
|
Batting: LHB Bert Webster
|
0-0: Ball 1-0: Ball 2-0: Foul Ball, location: 2F 2-1: Ball 3-1: Foul Ball, location: 2F 3-2: Foul Ball, location: 2F 3-2: SINGLE (Groundball, 3S, EV 73.8 MPH) (infield hit) Chris McNay scores Lance Neldon to second
|
|
Pinch Runner at 2nd Jörg Young:
|
|
|
Batting: RHB Phil Hanley
|
0-0: Called Strike 0-1: Ball 1-1: Foul Ball, location: 2F 1-2: Ball 2-2: Ball 3-2: Foul Ball, location: 2F 3-2: Foul Ball, location: 2F 3-2: Base on Balls Jörg Young to third Bert Webster to second
|
|
Batting: RHB Ben Turner
|
0-0: Ball Wild Pitch! Jörg Young scores Bert Webster to third Phil Hanley to second 1-0: Ground out 5-3 (Groundball, 5, EV 109.4 MPH)
|
|
Batting: RHB Steve Gibson
|
0-0: Foul Ball, location: 2F 0-1: Fly out, F8 (Flyball, 8RXD, EV 95.6 MPH) Runner from 3rd tags up, SCORES, no throw by CF Phil Hanley to third
|
|
Batting: RHB Justin Kurutz
|
0-0: Foul Ball, location: 2F 0-1: Foul Ball, location: 2F 0-2: DOUBLE (Flyball, 89XD, EV 107.5 MPH) Phil Hanley scores
|
|
Pitching: RHP Steve Wiest
|
|
|
Batting: RHB Brian Passalacqua
|
0-0: Foul Ball, location: 2F 0-1: Fly out, F8 (Line Drive, 8RM, EV 91.2 MPH)
|
| Bottom of the 7th over - 4 runs, 3 hits, 0 errors, 1 left on base; University of Arizona 2 - University of South Carolina 5 |
| TOP OF THE 8TH |
|
University of Arizona Wildcats batting - Pitching for University of South Carolina Gamecocks : RHP Scott Arthur
|
|
Pitching: RHP Jop van Grootveld
|
|
|
Batting: RHB Ron Dondale
|
0-0: Ball 1-0: Ball 2-0: Called Strike 2-1: Called Strike 2-2: Fly out, F3 (Popup, 3L, EV 53.1 MPH)
|
|
Batting: LHB Gerald Thornton
|
0-0: Fly out, F8 (Flyball, 8RM, EV 97.5 MPH)
|
|
Batting: RHB Ricardo Fernandez
|
0-0: Ball 1-0: Called Strike 1-1: SOLO HOME RUN (Flyball, 7LD, EV 102.5 MPH), Distance : 401 ft
|
|
Batting: LHB Pascal Noël
|
0-0: Foul Ball, location: 2F 0-1: Foul Ball, location: 2F 0-2: Strikes out looking
|
| Top of the 8th over - 1 run, 1 hit, 0 errors, 0 left on base; University of Arizona 3 - University of South Carolina 5 |
| BOTTOM OF THE 8TH |
|
University of South Carolina Gamecocks batting - Pitching for University of Arizona Wildcats : RHP Steve Wiest
|
|
Batting: SHB Keith Mihas
|
0-0: Foul Ball, location: 2F 0-1: Ball 1-1: Swinging Strike 1-2: Ball 2-2: Ground out 3-1 (Groundball, 34, EV 110.0 MPH)
|
|
Batting: LHB Chris McNay
|
0-0: Fly out, F9 (Flyball, 89S, EV 91.2 MPH)
|
|
Batting: LHB Jörg Young
|
0-0: Ball 1-0: Foul Ball, location: 2F 1-1: SINGLE (Groundball, 4MD, EV 104.4 MPH)
|
|
Batting: LHB Bert Webster
|
0-0: Called Strike 0-1: Ball 1-1: Fly out, F7 (Flyball, 7D, EV 79.4 MPH)
|
| Bottom of the 8th over - 0 runs, 1 hit, 0 errors, 1 left on base; University of Arizona 3 - University of South Carolina 5 |
| TOP OF THE 9TH |
|
University of Arizona Wildcats batting - Pitching for University of South Carolina Gamecocks : RHP Jop van Grootveld
|
|
Pitching: RHP Bob Conway
|
|
|
Now in RF: Abel Wensink
|
|
|
Batting: LHB Lihau Keawe
|
0-0: Foul Ball, location: 2F 0-1: Ball 1-1: Fly out, F7 (Flyball, 7LM, EV 79.4 MPH)
|
|
Batting: LHB Victor Silva
|
0-0: Called Strike 0-1: Foul Ball, location: 2F 0-2: Foul Ball, location: 2F 0-2: Ball 1-2: Ball 2-2: Ball 3-2: Strikes out swinging
|
|
Batting: LHB Jere Paatelainen
|
0-0: Called Strike 0-1: Called Strike 0-2: Ball 1-2: Ball 2-2: Foul Ball, location: 2F 2-2: Foul Ball, location: 2F 2-2: Strikes out looking
|
| Top of the 9th over - 0 runs, 0 hits, 0 errors, 0 left on base; University of Arizona 3 - University of South Carolina 5 |
|